 Dungeon Crawl Stone Soup version 0.27.1-4-g1640c2035a (webtiles) character file.

Game seed: 2929917935024772419

1087 cdecastro the Basher (level 8, -8/70 HPs)
             Began as a Minotaur Fighter on Nov 17, 2021.
             Was a Follower of Okawaru.
             Mangled by a boulder beetle (22 damage)
             ... on level 6 of the Dungeon.
             The game lasted 00:06:43 (4846 turns).

cdecastro the Basher (Minotaur Fighter)             Turns: 4846, Time: 00:06:46

Health: -8/70      AC:  8    Str: 24    XL:     8   Next: 9%
Magic:  7/7        EV:  9    Int:  5    God:    Okawaru [*.....]
Gold:   204        SH:  0    Dex:  9    Spells: 7/7 levels left

rFire    . . .     SeeInvis .   f - +1 whip (elec)
rCold    . . .     Faith    .   (no shield)
rNeg     . . .     Spirit   .   b - +0 scale mail
rPois    .         Reflect  .   (helmet restricted)
rElec    .         Harm     .   (no cloak)
rCorr    .         Rampage  .   (no gloves)
Will     .....                  p - +0 pair of boots
Stlth    ..........             (no amulet)
HPRegen  0.21/turn              (no ring)
MPRegen  0.10/turn              (no ring)

@: no status effects
A: horns 2, retaliatory headbutt
a: Renounce Religion, Heroism


You were on level 6 of the Dungeon.
You worshipped Okawaru.
Okawaru was aware of your devotion.
You visited 2 branches of the dungeon, and saw 7 of its levels.

You collected 204 gold pieces.

Inventory:

Hand Weapons
 a - a +0 war axe
 f - a +1 whip of electrocution (weapon)
Missiles
 h - 246 stones (quivered)
 q - 60 sling bullets
 t - 35 arrows
 v - 17 poisoned darts
 w - 18 bolts
Armour
 b - a +0 scale mail (worn)
 p - a +0 pair of boots (worn)
Magical Staves
 j - a staff of conjuration
Scrolls
 g - a scroll of torment {unknown}
 i - a scroll of immolation {unknown}
 l - 6 scrolls of teleportation {unknown}
 m - 2 scrolls of identify {unknown}
 o - 2 scrolls of fog {unknown}
 s - a scroll of noise {unknown}
 x - a scroll of magic mapping {unknown}
 y - a scroll of blinking {unknown}
 z - a scroll of fear {unknown}
 A - a scroll of holy word {unknown}
Potions
 c - 3 potions of curing
 d - 2 potions of might
 e - 2 potions of lignification {unknown}
 k - 2 potions of heal wounds {unknown}
 n - 3 potions of brilliance {unknown}
 r - a potion of attraction {unknown}
 u - 3 potions of cancellation {unknown}


   Skills:
 + Level 6.3 Fighting
 - Level 3.4(7.1) Axes
 - Level 9.7(10.0) Maces & Flails
 - Level 3.6 Armour
 - Level 3.6 Shields


You had 7 spell levels left.
You didn't know any spells.
Your spell library was empty.

Dungeon Overview and Level Annotations

Branches:
Dungeon (6/15)             Temple (1/1) D:4

Altars:
Ashenzari
Cheibriados
Dithmenos
Elyvilon
Fedhas
Kikubaaqudgha
Makhleb
Okawaru
Qazlal
Sif Muna
Trog
Uskayaw
Vehumet
Yredelemnul

Shops:
D:3 (   D:4 (

Annotations:
D:3 2 runed translucent doors, zeram's ghost, amateur MfSu


Innate Abilities, Weirdness & Mutations

You have a pair of horns on your head.
You reflexively headbutt those who attack you in melee.


Message History

Key pressed, stopping explore.
Found a stormy altar of Qazlal.
Found an escape hatch in the floor.
Found a black potion.
Found 18 bolts.
u - 3 black potions (gained 1)
A boulder beetle comes into view.
A boulder beetle is nearby!
A boulder beetle is nearby!
A boulder beetle is nearby!
The boulder beetle curls into a ball and begins rolling!
The boulder beetle misses you. You furiously retaliate!
You headbutt the boulder beetle, but do no damage.
The boulder beetle stops rolling and uncurls.
You hit the boulder beetle but do no damage.
Lightning courses through the boulder beetle!
You headbutt the boulder beetle, but do no damage.
The boulder beetle is lightly wounded.
You hit the boulder beetle but do no damage.
Lightning courses through the boulder beetle!
You headbutt the boulder beetle, but do no damage.
The boulder beetle is moderately wounded.
The boulder beetle bites you!!
You barely miss the boulder beetle.
The boulder beetle is moderately wounded.
A killer bee zombie comes into view.
The boulder beetle bites you!!
* * * LOW HITPOINT WARNING * * *
You hit the boulder beetle but do no damage.
You headbutt the boulder beetle, but do no damage.
The boulder beetle is moderately wounded.
The killer bee zombie barely misses you.
You furiously retaliate!
You headbutt the killer bee zombie! You hit the boulder beetle.
Lightning courses through the boulder beetle!
You headbutt the boulder beetle, but do no damage.
The boulder beetle is heavily wounded.
The killer bee zombie barely misses you.
The boulder beetle bites you!!
You die...

. .. #### ...#...
....... ......Z####
#...@B.#
#...##.#####
.##...##°....#####
......○○....§....#
....(...≈...§§§...#
..........≈≈≈§§...#
........###≈##≈≈..#
#.##..≈.#≈≈≈≈≈..§.#
##≈≈≈#§§.≈#.§§.#


You could see a boulder beetle and a killer bee zombie.

Vanquished Creatures
  2 necrophages
  An ogre (D:5)
  3 phantoms
  A scorpion (D:6)
  A bullfrog zombie (D:3)
  A centaur zombie (D:6)
  An orc priest (D:4)
  2 jellies
  A bullfrog skeleton (D:5)
  Terence (D:2)
  2 orc wizards
  Natasha (thrice) (D:2)
  2 killer bee zombies (D:5)
  4 gnolls (D:2)
  6 adders
  2 adder skeletons (D:5)
  2 worms
  3 dart slugs
  4 orcs
  3 endoplasms
  6 giant cockroaches
  9 goblins
  5 hobgoblins
  5 kobolds
  2 quokkas
  5 ball pythons
  2 bats
  2 frilled lizards
  6 rats
87 creatures vanquished.

Vanquished Creatures (others)
  2 fungi (D:2)
  7 plants (D:2)
9 creatures vanquished.

Grand Total: 96 creatures vanquished

Notes
Turn   | Place    | Note
-------+----------+-------------------------------------------
     0 | D:1      | cdecastro the Minotaur Fighter began the quest for the Orb.
     0 | D:1      | Reached XP level 1. HP: 19/19 MP: 0/0
   303 | D:1      | Reached XP level 2. HP: 19/26 MP: 1/1
   623 | D:1      | Reached skill level 1 in Maces & Flails
   925 | D:2      | Reached skill level 2 in Maces & Flails
   969 | D:2      | Reached XP level 3. HP: 31/31 MP: 2/2
  1116 | D:2      | Reached skill level 3 in Maces & Flails
  1179 | D:2      | Noticed Terence
  1185 | D:2      | Noticed Natasha
  1186 | D:2      | Killed Terence
  1187 | D:2      | Reached skill level 4 in Maces & Flails
  1187 | D:2      | Reached XP level 4. HP: 27/39 MP: 3/3
  1238 | D:2      | Killed Natasha
  1239 | D:2      | Reached skill level 5 in Maces & Flails
  1239 | D:2      | Reached XP level 5. HP: 27/45 MP: 4/4
  1416 | D:2      | Noticed Natasha
  1420 | D:2      | Killed Natasha
  1661 | D:2      | Found a faded altar of an unknown god.
  1722 | D:2      | Noticed Natasha
  1729 | D:2      | Killed Natasha
  1730 | D:2      | Reached skill level 6 in Maces & Flails
  2109 | D:3      | Reached XP level 6. HP: 51/51 MP: 5/5
  2119 | D:3      | Found a runed translucent door.
  2119 | D:3      | Noticed zeram's ghost (amateur MfSu)
  2145 | D:3      | Found a broken altar of Ashenzari.
  2180 | D:3      | Found Zouvvura's Antique Weapon Shop.
  2190 | D:3      | Reached skill level 7 in Maces & Flails
  2470 | D:3      | Found a runed translucent door.
  2595 | D:4      | Found a radiant altar of Vehumet.
  2604 | D:4      | Found Kusy's Antique Weapon Boutique.
  3008 | D:4      | Reached skill level 8 in Maces & Flails
  3268 | D:4      | Reached XP level 7. HP: 52/57 MP: 6/6
  3497 | D:4      | Found a staircase to the Ecumenical Temple.
  3644 | Temple   | Entered the Ecumenical Temple
  3685 | Temple   | Became a worshipper of Warmaster Okawaru
  3933 | D:5      | Entered Level 5 of the Dungeon
  4151 | D:5      | Found a burning altar of Makhleb.
  4151 | D:5      | Found a shadowy altar of Dithmenos.
  4163 | D:5      | Reached skill level 9 in Maces & Flails
  4771 | D:6      | Reached skill level 5 in Fighting
  4791 | D:6      | Reached * piety under Okawaru
  4803 | D:6      | Reached XP level 8. HP: 70/70 MP: 7/7
  4815 | D:6      | Found a stormy altar of Qazlal.
  4835 | D:6      | Noticed a boulder beetle
  4846 | D:6      | Mangled by a boulder beetle

Illustrated notes

Levels and vault maps discovered:
D:1:      co_arrival_square_in_a_square_in_a_square, layout_loops_ring
D:2:      layout_loops_ring, shapermc_ecumenical_altar_mp_ritualfount,
          chequers_serial_rivers_small_a, minmay_tromino_i4, uniq_terence,
          uniq_natasha
D:3:      layout_basic, mainiacjoe_overflow_tiny_flanked, serial_shops,
          nicolae_shop_statue_plus, ebering_ghost_sewer_f, solitary_fountain
D:4:      layout_cave_pools, nicolae_vehumet_radiance,
          minmay_temple_entry_trees, serial_shops, shop
D:5:      layout_basic, grunt_temple_overflow_open, kennysheep_generic_room_10
D:6:      layout_gridville, nicolae_qazlal_general_emergency, st_stairs_11
Temple:   compressed_dpeg_triangle_lava_temple

Skill      XL: |  1  2  3  4  5  6  7 |
---------------+----------------------+-----
Axes           | 3 |  3.4
Maces & Flails | 2 4 5 6 8 9 |  9.7
Fighting       | 6 |  6.3
Armour         | |  3.6
Shields        | |  3.6

Action                   |  1- 3 |  4- 6 |  7- 9 || total
-------------------------+-------+-------+-------++-------
Melee: War axe           |    13 |       |       ||    13
       Headbutt          |     9 |    16 |    10 ||    35
       Whip              |    39 |   111 |    64 ||   214
Armor: Scale mail        |    20 |    23 |    18 ||    61
Dodge: Dodged            |    20 |    37 |    21 ||    78
